 Dungeon Crawl Stone Soup version 0.21.1-1-g345015f (webtiles) character file.

350 Folque the Stinger (level 6, -19/39 HPs)
             Began as an Octopode Wizard on Mar 24, 2018.
             Demolished by an ogre
             ... wielding a +0 giant spiked club
              (20 damage)
             ... on level 5 of the Dungeon.
             The game lasted 00:29:48 (3569 turns).

Folque the Stinger (Octopode Wizard)                Turns: 3569, Time: 00:29:50

Health: -19/39     AC:  1    Str:  7    XL:     6   Next: 60%
Magic:  1/12       EV: 13    Int: 22    God:
Gold:   177        SH:  0    Dex: 10    Spells: 5/13 levels left

rFire    . . .     SeeInvis .   g - +0 dagger
rCold    . . .     Gourm    .   (no shield)
rNeg     . . .     Faith    .   a - +0 hat
rPois    .         Spirit   .   (no amulet)
rElec    .         Reflect  .   r - ring of resist corrosion
rCorr    +         Harm     .   (no ring)
MR       .....                  (no ring)
Stlth    +++.......             (no ring)
HPRegen  0.13/turn              (no ring)
MPRegen  0.13/turn              (no ring)
                                (no ring)
                                (no ring)

@: flying
A: almost no armour, stealthy swim, amphibious, 8 rings, constrict 8, camouflage
1, gelatinous body 1
a: no special abilities


You were on level 5 of the Dungeon.
You were not hungry.

You visited 1 branch of the dungeon, and saw 5 of its levels.

You collected 177 gold pieces.

Inventory:

Hand Weapons
 g - a +0 dagger (weapon)
 n - a +0 mace of holy wrath
Armour
 a - a +0 hat (worn)
Jewellery
 r - a ring of resist corrosion (left tentacle)
 t - an uncursed ring of fire {unknown}
Scrolls
 d - a scroll of magic mapping
 f - a scroll of random uselessness {unknown}
 i - a scroll of noise {unknown}
 j - a scroll of remove curse {unknown}
 l - a scroll of amnesia {unknown}
 m - 3 scrolls of identify
 p - a scroll of enchant armour {unknown}
 s - a scroll of fog {unknown}
Potions
 e - a potion of flight
 k - a potion of cancellation
 o - a potion of mutation {unknown}
 q - 5 potions of curing {unknown}
 u - a potion of might {unknown}
 v - a potion of heal wounds {unknown}
 w - 3 potions of lignification {unknown}
Books
 b - a book of Minor Magic

   Spells                             Type                      Level
   a - Magic Dart                     Conjuration                  1
   b - Blink                          Translocation                2
   c - Call Imp                       Summoning                    2
   d - Slow                           Hexes                        2
   e - Conjure Flame                  Conjuration/Fire             3
   f - Mephitic Cloud                 Conjuration/Poison/Air       3
 x - a book of Misfortune

   Spells                             Type                      Level
   a - Confusing Touch                Hexes                        1
   b - Confuse                        Hexes                        3
   c - Gell's Gravitas                Translocation                3
   d - Petrify                        Transmutation/Earth          4
   e - Metabolic Englaciation         Hexes/Ice                    5
   f - Yara's Violent Unravelling     Hexes/Transmutation          5
Comestibles
 c - 5 rations


   Skills:
 - Level 2.0 Fighting
 + Level 3.0 Dodging
 - Level 4.0 Stealth
 - Level 4.0 Spellcasting
 - Level 1.0 Conjurations
 - Level 1.0 Summonings
 - Level 1.0 Translocations
 * Level 4.9 Poison Magic


You had 5 spell levels left.
You knew the following spells:

 Your Spells              Type           Power        Failure   Level  Hunger
a - Magic Dart            Conj           #...         8%          1    None
b - Call Imp              Summ           #.......     11%         2    #......
c - Blink                 Tloc           N/A          11%         2    #......
d - Mephitic Cloud        Conj/Pois/Air  ##......     14%         3    ###....


Dungeon Overview and Level Annotations

Branches:
Dungeon (5/15)
 Temple: D:4-7

Altars:
Kikubaaqudgha
Wu Jian
The Shining One

Annotations:
D:5 Sigmund


Innate Abilities, Weirdness & Mutations

You cannot wear most types of armour.
You are very stealthy in the water. (Stealth+)
You are amphibious.
You can wear up to eight rings at the same time.
You can use your tentacles to constrict eight enemies at once.
Your skin changes colour to match your surroundings (Stealth+).
Your rubbery body absorbs attacks. (AC +1, EV +1)


Message History

Casting: Call Imp
Confirm with . or Enter, or press ? or * to list all spells.
Okay, then.
As you read the scroll labeled MURUOB PUPRUWI, it crumbles to dust.
The creatures around you are filled with an inner flame!
It was a scroll of immolation.
Something hits you!
* * * LOW HITPOINT WARNING * * *
The scorpion stings something.
The ogre completely misses you. Something hits you!
* * * LOW HITPOINT WARNING * * *
It was a potion of cancellation.
You feel magically purged.
Your magical contamination has completely faded away.
The ogre closely misses you.
It was a potion of flight.
You feel very buoyant.
You fly up into the air.
Something hits you.
* * * LOW HITPOINT WARNING * * *
The ogre hits you with a giant spiked club!!
Ouch! That really hurt!
You die...

.... ....
####+#...
#....#...
#....#....#
#....#....#####
#....##....@..#
#.....#.....O.#
+...<.#....s{.#
#..##.#.......###
## #'##......./.
#..'.........
#..#...........
#..#...........
#..#......###+#


You could see an ogre (inner flame) and a scorpion (inner flame).

Vanquished Creatures
  An orc priest (D:3)
  A hound (D:3)
  4 orc wizards
  An iguana (D:4)
  2 adders
  A howler monkey skeleton (D:4)
  An adder skeleton (D:4)
  2 worms (D:2)
  3 dart slugs (D:1)
  A leopard gecko (D:1)
  5 orcs (D:3)
  2 ball pythons (D:1)
  2 giant cockroaches (D:3)
  7 goblins
  A hobgoblin (D:2)
  2 jackals (D:3)
  5 kobolds
  A quokka (D:3)
  5 bats
  6 frilled lizards
  A jackal skeleton (D:5)
  7 rats
61 creatures vanquished.

Vanquished Creatures (collateral kills)
  The ghost of Gobbopathe the Charlatan, an amateur SpAr (D:4)
  2 adders
3 creatures vanquished.

Grand Total: 64 creatures vanquished

Notes
Turn   | Place    | Note
-------+----------+-------------------------------------------
     0 | D:1      | Folque the Octopode Wizard began the quest for the Orb.
     0 | D:1      | Reached XP level 1. HP: 11/11 MP: 4/4
   480 | D:1      | Reached skill level 1 in Fighting
   485 | D:1      | Reached XP level 2. HP: 18/18 MP: 1/6
   865 | D:1      | Reached XP level 3. HP: 24/24 MP: 5/7
   869 | D:1      | Learned a level 2 spell: Call Imp
   872 | D:1      | Learned a level 2 spell: Blink
   877 | D:1      | Learned a level 3 spell: Mephitic Cloud
  1189 | D:2      | Found an ancient bone altar of Kikubaaqudgha.
  1803 | D:2      | Found a glowing golden altar of the Shining One.
  1804 | D:2      | Found an ornate altar of the Wu Jian Council.
  1948 | D:3      | Reached XP level 4. HP: 28/29 MP: 9/9
  2049 | D:3      | Reached skill level 1 in Poison Magic
  2053 | D:3      | Reached XP level 5. HP: 30/34 MP: 4/10
  2616 | D:4      | Reached XP level 6. HP: 30/39 MP: 2/12
  2878 | D:4      | Noticed Gobbopathe's ghost (amateur SpAr)
  3099 | D:4      | Killed Gobbopathe's ghost
  3542 | D:5      | Entered Level 5 of the Dungeon
  3555 | D:5      | Noticed Sigmund
  3569 | D:5      | HP: 1/39 [something (2)]
  3569 | D:5      | Demolished by an ogre

Skill      XL: |  1  2  3  4  5  6 |
---------------+-------------------+-----
Fighting       | 1 2 |  2.0
Stealth        | 3 4 |  4.0
Poison Magic   | 2 3 4 |  4.9
Spellcasting   | 4 |  4.0
Dodging        | 3 |  3.0
Conjurations   | |  1.0
Summonings     | |  1.0
Translocations | |  1.0

Action                   |  1- 3 |  4- 6 || total
-------------------------+-------+-------++-------
Melee: Unarmed           |    13 |       ||    13
       Constrict         |    21 |    20 ||    41
       Dagger            |    52 |    53 ||   105
       Mace              |    22 |    18 ||    40
       Tentacles         |     6 |    14 ||    20
 Cast: Magic Dart        |    20 |    15 ||    35
       Call Imp          |     3 |     6 ||     9
       Mephitic Cloud    |       |     7 ||     7
       Blink             |       |     2 ||     2
  Use: Scroll            |     1 |     3 ||     4
       Potion            |       |     2 ||     2
 Stab: Sleeping          |     9 |     3 ||    12
       Confused          |       |     2 ||     2
  Eat: Chunk             |     3 |     3 ||     6
       Ration            |       |     1 ||     1
Armor: Skin              |     6 |     2 ||     8
Dodge: Dodged            |    48 |    26 ||    74
